 Dungeon Crawl Stone Soup version 0.20-b1 (webtiles) character file.

5515 minicreteconcrete the Magician (level 10, -18/63 HPs)
             Began as an Octopode Wizard on May 19, 2017.
             Was a Follower of Ashenzari.
             Demolished by a two-headed ogre
             ... wielding a +0 giant spiked club
              (30 damage)
             ... on level 9 of the Dungeon.
             The game lasted 00:38:59 (13231 turns).

minicreteconcrete the Magician (Octopode Wizard)   Turns: 13231, Time: 00:38:59

Health: -18/63     AC:  4    Str:  7      XL:     10   Next: 70%
Magic:  1/21       EV: 16    Int: 23      God:    Ashenzari [*.....]
Gold:   469        SH:  0    Dex: 10 (11) Spells: 10/24 levels left

rFire    + . .     SeeInvis +   k - +1 spear (freeze)
rCold    . . .     Gourm    .   (no shield)
rNeg     . . .     Faith    .   a - +1 hat
rPois    .         Spirit   .   r - amulet of harm
rElec    .         Reflect  .   h - ring of wizardry (curse)
rCorr    .         Harm     +   s - ring of flight (curse)
MR       +....                  y - ring of stealth
Stlth    +++++.....             H - ring of protection from cold
Regen    0.2/turn               K - ring of fire
MPRegen  0.2/turn               (no ring)
                                (no ring)
                                (no ring)

@: no status effects
A: almost no armour, stealthy swim, amphibious, 8 rings, constrict 8, repulsion
field 1, iridescent scales 1, camouflage 1, see invisible, blink, magic
resistance 1, screaming 1, gelatinous body 1, MP-powered wands
a: Blink, Curse Item, Scrying, Renounce Religion, Evoke Flight


You were on level 9 of the Dungeon.
You worshipped Ashenzari.
Ashenzari was aware of your devotion.
You were hungry.

You visited 2 branches of the dungeon, and saw 10 of its levels.

You collected 469 gold pieces.

Inventory:

Hand Weapons
 k - a +1 spear of freezing (weapon)
 m - a +0 blowgun
Missiles
 e - 4 javelins
 o - 73 poisoned needles
 E - 2 throwing nets (quivered)
Armour
 a - a +1 hat (worn)
 x - a +0 buckler
Magical Staves
 d - an uncursed staff of air
Jewellery
 h - a cursed ring of wizardry (left tentacle)
 r - an amulet of harm (around mantle)
 s - a cursed ring of flight (right tentacle)
 y - a ring of stealth (on tentacle)
 H - a ring of protection from cold (on tentacle)
 K - a ring of fire (on tentacle)
Wands
 q - a wand of flame (31/48)
 D - a wand of confusion (27/48)
Scrolls
 g - 12 scrolls of identify
 n - a scroll of enchant armour
 t - a scroll of fear
 v - 2 scrolls of teleportation
 w - a scroll of amnesia
 B - a scroll of enchant weapon
Potions
 f - 3 potions of agility
 j - 2 potions of might {unknown}
 l - 3 potions of curing
 z - a potion of haste {unknown}
 A - 2 potions of brilliance {unknown}
 G - a potion of lignification
 I - a potion of heal wounds
 L - a potion of flight
Books
 b - a book of Minor Magic

   Spells                             Type                      Level
   a - Magic Dart                     Conjuration                  1
   b - Blink                          Translocation                2
   c - Call Imp                       Summoning                    2
   d - Slow                           Hexes                        2
   e - Conjure Flame                  Conjuration/Fire             3
   f - Mephitic Cloud                 Conjuration/Poison/Air       3
 p - a book of Misfortune

   Spells                             Type                      Level
   a - Confusing Touch                Hexes                        1
   b - Confuse                        Hexes                        3
   c - Gell's Gravitas                Translocation                3
   d - Petrify                        Transmutation/Earth          4
   e - Metabolic Englaciation         Hexes/Ice                    5
   f - Yara's Violent Unravelling     Hexes/Transmutation          5
 u - a book of Cantrips

   Spells                             Type                      Level
   a - Confusing Touch                Hexes                        1
   b - Animate Skeleton               Necromancy                   1
   c - Summon Small Mammal            Summoning                    1
   d - Apportation                    Translocation                1
Comestibles
 c - 8 bread rations
 i - 10 meat rations
 C - a royal jelly
 M - 7 chunks of flesh


   Skills:
 + Level 3.1 Fighting
 + Level 6.6 Polearms
 + Level 0.8 Throwing
 + Level 4.4 Dodging
 + Level 7.3 Stealth
 + Level 0.4 Unarmed Combat
 * Level 7.6 Spellcasting
 * Level 6.4 Conjurations
 - Level 3.2 Hexes
   Level 1.0 Summonings
 - Level 1.2 Translocations
 - Level 3.5 Transmutations
 + Level 2.0 Fire Magic
 + Level 1.5 Air Magic
 + Level 3.0 Poison Magic
 + Level 1.0 Evocations


You had 10 spell levels left.
You knew the following spells:

 Your Spells              Type           Power        Failure   Level  Hunger
a - Magic Dart            Conj           ####         1%          1    None
b - Blink                 Tloc           N/A          2%          2    None
c - Conjure Flame         Conj/Fire      #####...     1%          3    None
d - Mephitic Cloud        Conj/Pois/Air  ####....     1%          3    None
e - Yara's Violent Unrav  Hex/Tmut       ###.......   19%         5    #####..


Dungeon Overview and Level Annotations

Branches:
Dungeon (9/15)             Temple (1/1) D:5
   Lair: D:8-11         Orc: D:9-12

Altars:
Ashenzari
Cheibriados
Dithmenos
Elyvilon
Fedhas
Gozag
Hepliaklqana
Kikubaaqudgha
Makhleb
Nemelex Xobeh
Okawaru
Qazlal
Ru
Sif Muna
Trog
Uskayaw
Vehumet
Xom
Yredelemnul
Zin
The Shining One
Beogh


Innate Abilities, Weirdness & Mutations

You cannot wear most types of armour.
You are very stealthy in the water. (Stealth+)
You are amphibious.
You can wear up to eight rings at the same time.
You can use your tentacles to constrict eight enemies at once.
Your skin changes colour to match your surroundings (Stealth+).
Your rubbery body absorbs attacks. (AC +1, EV +1)
You are surrounded by a mild repulsion field. (EV +2)
You are partially covered in iridescent scales. (AC +2)
You have supernaturally acute eyesight. (SInv)
You can translocate small distances at will.
You are resistant to hostile enchantments. (MR+)
You occasionally shout uncontrollably at your foes.
You expend magic power (3 MP) to strengthen your wands.


Message History

The two-headed ogre is almost dead.
Casting: Magic Dart
Confirm with . or Enter, or press ? or * to list all spells.
Aiming: Magic Dart
Press: ? - help, Shift-Dir - straight line, f/p - two-headed ogre
Aim: a two-headed ogre, wielding a giant spiked club and a giant club (almost dead)
The magic dart hits the two-headed ogre.
The two-headed ogre is almost dead.
Attack whom?
Press: ? - help, Dir - move target cursor, f/p - two-headed ogre
Aim: a two-headed ogre, wielding a giant spiked club and a giant club (almost dead)
You hit the two-headed ogre but do no damage.
The two-headed ogre is almost dead.
The two-headed ogre barely misses you.
The two-headed ogre completely misses you.
You hit the two-headed ogre but do no damage.
You squeeze the two-headed ogre, but do no damage.
The two-headed ogre is almost dead.
The two-headed ogre hits you with a giant spiked club!!
You die...

########## * #....[...### *
********** #........(.#
******,,,,,,,,* #..)....)#)#
*,,,,+,,,,,,,,####.......†#.####
+,****,,,,,,,,#.@O........#((..##
*** *,,,,,,,,+.##........####...
* *,,,,,,,,##*#........# #### *
**+******* #####.#### * *>* #.# *
*,* #.## *,* #..# *** *,*
####.###### ,,*****,******
#.........#


You could see a two-headed ogre.

Vanquished Creatures
  2 two-headed ogres (D:8)
  Grinder (D:4)
  A hippogriff (D:9)
  2 black bears (D:8)
  4 sky beasts
  3 ice beasts (D:7)
  4 orc warriors (D:8)
  3 phantoms
  3 ogres
  2 centaurs
  Blork the orc (D:5)
  2 big kobolds
  2 bullfrogs
  2 water moccasin zombies
  2 scorpions
  A centaur zombie (D:8)
  A bullfrog zombie (D:6)
  4 crimson imps
  2 hounds
  A quasit (D:9)
  2 jellies
  7 orc priests
  2 bullfrog skeletons
  An iguana (D:7)
  13 orc wizards
  4 worker ants
  A hound zombie (D:7)
  A hound skeleton (D:5)
  4 gnolls (D:8)
  10 adders
  2 shadow imps
  An ooze (D:3)
  An adder zombie (D:6)
  2 worms
  4 dart slugs
  6 leopard geckos
  56 orcs
  17 giant cockroaches
  8 hobgoblins
  21 jackals
  4 quokkas
  5 ball pythons
  10 bats
  6 frilled lizards
  6 goblins
  A jackal skeleton (D:4)
  18 kobolds
  A leopard gecko zombie (D:8)
  10 rats
  A rat zombie (D:5)
268 creatures vanquished.

Vanquished Creatures (others)
  An orc wizard (D:8)
1 creature vanquished.

Grand Total: 269 creatures vanquished

Notes
Turn   | Place    | Note
-------+----------+-------------------------------------------
     0 | D:1      | minicreteconcrete the Octopode Wizard began the quest for the Orb.
     0 | D:1      | Reached XP level 1. HP: 11/11 MP: 4/4
    96 | D:1      | Reached XP level 2. HP: 7/17 MP: 0/6
   552 | D:1      | Learned a level 2 spell: Blink
   734 | D:1      | Reached XP level 3. HP: 19/21 MP: 6/8
   739 | D:1      | Learned a level 3 spell: Conjure Flame
  1829 | D:2      | Reached XP level 4. HP: 14/27 MP: 0/9
  3086 | D:3      | Learned a level 3 spell: Mephitic Cloud
  3312 | D:3      | Reached skill level 1 in Polearms
  3349 | D:3      | Reached XP level 5. HP: 32/32 MP: 8/11
  3886 | D:3      | You fall through a shaft!
  4015 | D:4      | Noticed a centaur
  5113 | D:4      | Killed a centaur
  5113 | D:4      | Reached XP level 6. HP: 20/37 MP: 5/12
  5257 | D:5      | Entered Level 5 of the Dungeon
  5257 | D:5      | Noticed Grinder
  5275 | D:4      | Killed Grinder
  5275 | D:4      | Reached skill level 1 in Fighting
  5275 | D:4      | Reached skill level 5 in Stealth
  5275 | D:4      | Reached skill level 5 in Spellcasting
  5275 | D:4      | Reached XP level 7. HP: 15/43 MP: 7/14
  6162 | D:5      | Noticed Blork the orc
  6189 | D:5      | Killed Blork the orc
  6474 | D:5      | HP: 1/43 [something (7)]
  6512 | D:5      | Reached skill level 1 in Poison Magic
  6512 | D:5      | Reached XP level 8. HP: 19/48 MP: 6/16
  6518 | D:5      | Gained mutation: You possess an exceptional clarity of mind. [mutagenic meat]
  6519 | D:5      | Gained mutation: You expend magic power (3 MP) to strengthen your wands. [mutagenic meat]
  6520 | D:5      | Gained mutation: You can translocate small distances at will. [mutagenic meat]
  6522 | D:5      | Lost mutation: You possess an exceptional clarity of mind. [mutagenic meat]
  6792 | D:5      | Gained mutation: You are resistant to hostile enchantments. (MR+) [mutagenic meat]
  6794 | D:5      | Gained mutation: You are partially covered in iridescent scales. (AC +2) [mutagenic meat]
  6795 | D:5      | Gained mutation: You evolve. [mutagenic meat]
  6796 | D:5      | Gained mutation: You have supernaturally acute eyesight. (SInv) [mutagenic meat]
  6978 | D:5      | Found a staircase to the Ecumenical Temple.
  6992 | Temple   | Entered the Ecumenical Temple
  7171 | Temple   | Became a worshipper of Ashenzari the Shackled
  7279 | D:5      | Found a sparkling altar of Nemelex Xobeh.
  7418 | D:5      | Gained mutation: You occasionally shout uncontrollably at your foes. [evolution]
  7951 | D:6      | Found an iron altar of Okawaru.
  8564 | D:7      | Reached skill level 1 in Fire Magic
  8993 | D:7      | Reached skill level 5 in Conjurations
  8993 | D:7      | Reached skill level 1 in Air Magic
  8993 | D:7      | Reached XP level 9. HP: 51/54 MP: 10/18
  9015 | D:7      | Learned a level 5 spell: Yara's Violent Unravelling
  9138 | D:7      | Reached skill level 1 in Evocations
  9190 | D:7      | Reached skill level 1 in Transmutations
  9508 | D:7      | Reached skill level 1 in Hexes
  9742 | D:7      | Reached * piety under Ashenzari
 10535 | D:8      | Found a runed door.
 10584 | D:8      | Reached skill level 5 in Polearms
 10651 | D:8      | Found a roughly hewn altar of Beogh.
 10719 | D:8      | Gained mutation: You are surrounded by a mild repulsion field. (EV +2) [evolution]
 11068 | D:8      | Noticed a two-headed ogre
 11144 | D:8      | Killed a two-headed ogre
 11144 | D:8      | Reached XP level 10. HP: 18/61 MP: 6/21
 11145 | D:8      | Noticed a two-headed ogre
 11194 | D:8      | Killed a two-headed ogre
 12971 | D:9      | Lost mutation: You evolve. [evolution]
 13193 | D:9      | Noticed a two-headed ogre
 13231 | D:9      | Demolished by a two-headed ogre

Skill      XL: |  1  2  3  4  5  6  7  8  9 10 |
---------------+-------------------------------+-----
Stealth        | 3 4 5 6 7 |  7.3
Spellcasting   | 4 5 6 7 |  7.6
Polearms       | 1 2 3 4 5 6 |  6.6
Conjurations   | 2 3 5 6 |  6.4
Fighting       | 1 2 3 |  3.1
Dodging        | 3 4 |  4.4
Poison Magic   | 1 2 3 |  3.0
Fire Magic     | 1 2 |  2.0
Air Magic      | 1 |  1.5
Evocations     | 1 |  1.0
Transmutations | 3 |  3.5
Hexes          | 3 |  3.2
Throwing       | |  0.8
Unarmed Combat | |  0.4
Summonings     | |  1.0
Translocations | |  1.2

Action                   |  1- 3 |  4- 6 |  7- 9 | 10-12 || total
-------------------------+-------+-------+-------+-------++-------
Melee: Unarmed           |    16 |       |       |       ||    16
       Constrict         |    17 |    29 |    53 |    27 ||   126
       Tentacles         |     6 |    16 |    44 |    28 ||    94
       Spear             |    45 |   172 |   456 |   244 ||   917
       Punch             |       |       |       |     2 ||     2
Throw: Javelin           |       |       |     7 |       ||     7
 Cast: Magic Dart        |    49 |    84 |   128 |    16 ||   277
       Conjure Flame     |     1 |     1 |    18 |     9 ||    29
       Mephitic Cloud    |       |     1 |    27 |     5 ||    33
       Blink             |       |       |     3 |     9 ||    12
Invok: Curse Item        |       |       |     2 |       ||     2
Evoke: Wand              |       |       |     6 |       ||     6
  Use: Scroll            |       |     6 |     3 |     4 ||    13
       Potion            |       |     3 |     5 |       ||     8
 Stab: Sleeping          |     5 |    16 |     5 |     4 ||    30
       Confused          |       |       |    10 |     6 ||    16
  Eat: Chunk             |     3 |    10 |    26 |     7 ||    46
       Fruit             |       |     1 |     1 |       ||     2
       Royal jelly       |       |       |     1 |       ||     1
Armor: Skin              |       |    25 |    31 |    21 ||    77
Dodge: Dodged            |    43 |    77 |   134 |   114 ||   368
